 Dungeon Crawl Stone Soup version 0.31-a0-165-g3f4f80340b (webtiles) character file.

Game seed: 16048441909020269330

721 qw the Skirmisher (level 7, -1/44 HPs)
             Began as a Gargoyle Hunter on June 13, 2023.
             Was an Initiate of Okawaru.
             Slain by Dowan
             ... wielding a +0 dagger
              (3 damage)
             ... on level 5 of the Dungeon.
             The game lasted 00:01:47 (3960 turns).

qw the Skirmisher (Gargoyle Hunter)                 Turns: 3960, Time: 00:01:47

Health: -1/44      AC: 14    Str: 14    XL:     7   Next: 71%
Magic:  7/7        EV: 11    Int: 10    God:    Okawaru [......]
Gold:   314        SH:  0    Dex: 15    Spells: 6/6 levels left

rFire   . . .        Y - +0 shortbow (heavy)
rCold   . . .        (shield currently unavailable)
rNeg    + . .        k - +0 ring mail
rPois   inf          a - +0 helmet
rElec   +            (no cloak)
rCorr   .            b - +2 pair of gloves
SInv    .            (no boots)
Will    .....        (no amulet)
Stlth   +            (no ring)
HPRegen 0.27/turn    (no ring)
MPRegen 0.10/turn

%: no passive effects
@: lit by a corona, about to teleport, glowing
A: sickness immunity, AC +4, negative energy resistance 1, electricity
resistance, torment resistance 1, petrification resistance
a: Renounce Religion


You were on level 5 of the Dungeon.
You worshipped Okawaru.
Okawaru was noncommittal.
You visited 2 branches of the dungeon, and saw 6 of its levels.

You collected 314 gold pieces.


Innate Abilities, Weirdness & Mutations

You are immune to sickness and miasma.
Your stone body is resilient. (AC +4)
You are immune to poison.
You resist negative energy. (rN+)
You are resistant to electric shocks. (rElec)
You are resistant to unholy torment.
You are immune to petrification.


   Skills:
 + Level 4.8 Fighting
 - Level 8.0 Ranged Weapons
 - Level 2.1 Armour
 - Level 1.5 Dodging
 - Level 1.1 Stealth


You had 6 spell levels left.
You didn't know any spells.
Your spell library was empty.

Inventory:

Hand Weapons
 Y - a +0 heavy shortbow (weapon)
Armour
 a - a +0 helmet (worn)
 b - a +2 pair of gloves (worn)
 k - a +0 ring mail (worn)
Scrolls
 f - 4 scrolls of teleportation
Potions
 c - a potion of mutation {unknown}
 d - a potion of enlightenment {unknown}
 e - a potion of ambrosia {unknown}
 g - a potion of lignification {unknown}
 h - a potion of degeneration {unknown}
 i - a potion of heal wounds {unknown}

Dungeon Overview and Level Annotations

Branches:
Dungeon (5/15)             Temple (1/1) D:4

Altars:
Ashenzari
Cheibriados
Dithmenos
Elyvilon
Gozag
Hepliaklqana
Kikubaaqudgha
Makhleb
Nemelex Xobeh
Okawaru
Qazlal
Ru
Sif Muna
Trog
Uskayaw
Vehumet
Wu Jian
Xom
Yredelemnul
Zin
The Shining One

Annotations:
D:5 Dowan, Duvessa


Message History

You shoot an arrow. The arrow closely misses Duvessa.
Dowan closely misses you. Duvessa hits you with a +0 short sword.
You shoot an arrow.
The arrow hits Duvessa but does no damage.
Duvessa is moderately wounded.
Dowan casts a spell at you.
You are outlined in light.
Duvessa hits you but does no damage. Dowan misses you.
Duvessa hits you but does no damage.
You shoot an arrow.
The arrow hits Duvessa but does no damage.
Duvessa is moderately wounded.
Dowan hits you but does no damage. Duvessa hits you with a +0 short sword.
You shoot an arrow. The arrow hits Duvessa.
Duvessa is moderately wounded.
Dowan misses you. Duvessa hits you with a +0 short sword!
Duvessa hits you with a +0 short sword. Dowan completely misses you.
You shoot an arrow. The arrow barely misses Duvessa.
Dowan hits you but does no damage. Duvessa hits you with a +0 short sword!
Duvessa hits you with a +0 short sword. Dowan hits you with a +0 dagger.
You shoot an arrow.
The arrow hits Duvessa but does no damage.
Duvessa is moderately wounded.
Dowan hits you with a +0 dagger. Duvessa hits you with a +0 short sword.
You shoot an arrow. The arrow hits Duvessa.
Duvessa is moderately wounded.
Dowan gestures at Duvessa while chanting.
Duvessa seems to speed up.
Duvessa barely misses you. Duvessa hits you but does no damage.
Dowan points at you and mumbles some strange words.
The puff of flame hits you!
3959 ||| READING 5 scrolls of teleportation.
As you read the scroll of teleportation, it crumbles to dust.
You feel strangely unstable. Duvessa hits you with a +0 short sword.
Dowan hits you with a +0 dagger.
You shoot an arrow.
The arrow hits Duvessa but does no damage.
Duvessa is moderately wounded.
Duvessa misses you. Duvessa hits you but does no damage.
Dowan hits you with a +0 dagger.
You die...

........#
#.#..#
#########
#....# #
###.## #
#####.#
#.....# ###
#...###...#
#...# .....
#...#......
+..@e....).
####
#..e#......
...# #...#
..... ##.#
#...# .[.#
#.# #...#
### #.#
#...# #.###
#...#
##...#
#...#
(..###
+:..+


You could see Duvessa (fast) and Dowan.

Vanquished Creatures
  A centaur (D:5)
  2 phantoms
  A howler monkey (D:4)
  A hound (D:5)
  An orc priest (D:4)
  3 iguanas
  6 orc wizards (D:4)
  3 adders
  A white imp (D:5)
  A worm (D:4)
  2 dart slugs
  19 orcs
  11 ball pythons
  An endoplasm (D:3)
  10 goblins
  7 hobgoblins
  16 jackals
  3 quokkas
  9 bats
  4 frilled lizards
  7 kobolds
  7 rats
116 creatures vanquished.

Notes
Turn   | Place    | Note
-------+----------+-------------------------------------------
     0 | D:1      | qw the Gargoyle Hunter began the quest for the Orb.
     0 | D:1      | Reached XP level 1. HP: 12/12 MP: 1/1
     0 | D:1      | 0 ||| qw: Version: 0.2-a-29-gc1b59c4
     0 | D:1      | 0 ||| qw: Game counter: 4782
     0 | D:1      | 0 ||| qw: Always use a shield: true
     0 | D:1      | 0 ||| qw: God list: Okawaru
     0 | D:1      | 0 ||| qw: Allow faded altars: false
     0 | D:1      | 0 ||| qw: Do Orc after D:15 true
     0 | D:1      | 0 ||| qw: Do second Lair branch before Depths: true
     0 | D:1      | 0 ||| qw: Lair rune preference: random
     0 | D:1      | 0 ||| qw: Plans: Normal, Zot:1-4, Slime:5, God:TSO, Crypt,
                  | Tomb, Abyss, Pan, Hells, Win
     0 | D:1      | 0 ||| PLANNING D:1-11
   103 | D:1      | Reached XP level 2. HP: 17/17 MP: 2/2
   273 | D:1      | 273 ||| FLEEEEING.
   274 | D:1      | 274 ||| FLEEEEING.
   275 | D:1      | 275 ||| FLEEEEING.
   278 | D:1      | 278 ||| FLEEEEING.
   279 | D:1      | 279 ||| FLEEEEING.
   280 | D:1      | 280 ||| FLEEEEING.
   348 | D:1      | Reached XP level 3. HP: 21/21 MP: 3/3
   434 | D:1      | Reached skill level 5 in Ranged Weapons
   569 | D:1      | 569 ||| UPGRADING to +0 ring mail.
   579 | D:1      | 579 ||| DROPPING +0 leather armour.
   580 | D:1      | 580 ||| DROPPING ring of magical power.
   581 | D:1      | 581 ||| READING scroll labelled ENKOSI ZOULOOD.
   585 | D:1      | 585 ||| READING 3 scrolls labelled HUJ EH WOERUIH.
   586 | D:1      | 586 ||| READING scroll labelled KOMUOMMOMPO.
   587 | D:1      | 587 ||| DROPPING scroll of butterflies.
   588 | D:1      | 588 ||| DROPPING 2 scrolls of poison.
   746 | D:2      | 746 ||| FLEEEEING.
   747 | D:2      | 747 ||| FLEEEEING.
   748 | D:2      | 748 ||| FLEEEEING.
   752 | D:2      | Reached skill level 1 in Armour
  1040 | D:2      | Reached XP level 4. HP: 27/27 MP: 4/4
  1186 | D:2      | 1186 ||| UPGRADING to +2 pair of gloves.
  1191 | D:2      | 1191 ||| READING scroll labelled IXKAECK GUDD.
  1254 | D:3      | Reached skill level 3 in Fighting
  1315 | D:3      | Found a burning altar of Makhleb.
  1316 | D:3      | Found a white marble altar of Elyvilon.
  1316 | D:3      | Found an ancient bone altar of Kikubaaqudgha.
  1548 | D:3      | Reached XP level 5. HP: 32/32 MP: 5/5
  1808 | D:3      | 1808 ||| READING scroll labelled QITEOD JEDENUGI.
  1809 | D:3      | 1809 ||| READING scroll labelled DIAFEQ ESTAMI.
  1810 | D:3      | 1810 ||| DRINKING 3 smoky golden potions.
  1884 | D:4      | Reached skill level 6 in Ranged Weapons
  1896 | D:4      | 1896 ||| FLEEEEING.
  1897 | D:4      | 1897 ||| FLEEEEING.
  1899 | D:4      | 1899 ||| FLEEEEING.
  1901 | D:4      | 1901 ||| FLEEEEING.
  1903 | D:4      | 1903 ||| FLEEEEING.
  1913 | D:4      | 1913 ||| DRINKING 2 potions of curing.
  1913 | D:4      | 1913 ||| (to cure confusion)
  2010 | D:4      | Noticed a phantom
  2014 | D:4      | Found a staircase to the Ecumenical Temple.
  2015 | D:4      | 2015 ||| PLANNING TEMPLE
  2024 | D:4      | Killed a phantom
  2025 | D:4      | Reached XP level 6. HP: 26/38 MP: 6/6
  2152 | D:4      | 2152 ||| DRINKING potion of curing.
  2152 | D:4      | 2152 ||| (to cure confusion)
  2160 | D:4      | 2160 ||| FLEEEEING.
  2161 | D:4      | 2161 ||| FLEEEEING.
  2162 | D:4      | 2162 ||| FLEEEEING.
  2164 | D:4      | 2164 ||| FLEEEEING.
  2165 | D:4      | 2165 ||| FLEEEEING.
  2166 | D:4      | 2166 ||| FLEEEEING.
  2167 | D:4      | 2167 ||| FLEEEEING.
  2169 | D:4      | 2169 ||| FLEEEEING.
  2170 | D:4      | 2170 ||| FLEEEEING.
  2171 | D:4      | 2171 ||| FLEEEEING.
  2172 | D:4      | 2172 ||| FLEEEEING.
  2179 | D:4      | 2179 ||| FLEEEEING.
  2180 | D:4      | 2180 ||| FLEEEEING.
  2181 | D:4      | 2181 ||| FLEEEEING.
  2182 | D:4      | 2182 ||| FLEEEEING.
  2183 | D:4      | 2183 ||| FLEEEEING.
  2184 | D:4      | 2184 ||| FLEEEEING.
  2185 | D:4      | 2185 ||| FLEEEEING.
  2186 | D:4      | 2186 ||| FLEEEEING.
  2187 | D:4      | 2187 ||| FLEEEEING.
  2188 | D:4      | 2188 ||| FLEEEEING.
  2189 | D:4      | 2189 ||| FLEEEEING.
  2190 | D:4      | 2190 ||| FLEEEEING.
  2191 | D:4      | 2191 ||| FLEEEEING.
  2192 | D:4      | 2192 ||| FLEEEEING.
  2368 | D:4      | Reached skill level 7 in Ranged Weapons
  2644 | D:4      | Reached XP level 7. HP: 37/43 MP: 7/7
  2941 | D:4      | 2941 ||| READING scroll labelled MECHA PUZY.
  3088 | D:3      | 3088 ||| STAIRDANCE
  3109 | D:4      | 3109 ||| STAIRDANCE
  3158 | Temple   | Entered the Ecumenical Temple
  3213 | Temple   | 3213 ||| PLANNING OKAWARU WORSHIP
  3274 | Temple   | Became a worshipper of Warmaster Okawaru
  3274 | Temple   | 3274 ||| PLANNING D:1-11
  3381 | D:5      | Entered Level 5 of the Dungeon
  3427 | D:5      | 3427 ||| FLEEEEING.
  3428 | D:5      | 3428 ||| FLEEEEING.
  3429 | D:5      | 3429 ||| FLEEEEING.
  3430 | D:5      | 3430 ||| FLEEEEING.
  3431 | D:5      | 3431 ||| FLEEEEING.
  3432 | D:5      | 3432 ||| FLEEEEING.
  3433 | D:5      | 3433 ||| FLEEEEING.
  3434 | D:5      | 3434 ||| STAIRDANCE
  3534 | D:4      | 3534 ||| UPGRADING to +0 helmet.
  3541 | D:5      | 3541 ||| STAIRDANCE
  3707 | D:5      | Reached skill level 8 in Ranged Weapons
  3942 | D:5      | 3942 ||| READING scroll of brand weapon.
  3942 | D:5      | 3942 ||| BRANDING +0 shortbow of freezing.
  3946 | D:5      | Noticed Duvessa
  3946 | D:5      | Noticed Dowan
  3958 | D:5      | HP: 8/44 [Dowan/puff of flame (8)]
  3959 | D:5      | 3959 ||| READING 5 scrolls of teleportation.
  3959 | D:5      | HP: 2/44 [Dowan/+0 dagger (4)]
  3960 | D:5      | Slain by Dowan

Levels and vault maps discovered:
D:1:      dpeg_arrival_boxorama, layout_rooms, dk_noncrumbling_4,
          minmay_tetromino_i4
D:2:      kennysheep_the_goblin_king, layout_basic, grunt_decor_one_mirror,
          grunt_ministairs_7
D:3:      layout_basic, grunt_temple_overflow_open, st_stairs_11
D:4:      layout_loops_corners, minmay_temple_entry_slanted
D:5:      kennysheep_six_static_rooms, layout_loops_corners, uniq_duvessa
Temple:   mainiacjoe_temple_coin_purse

Skill      XL: |  1  2  3  4  5  6  7 |
---------------+----------------------+-----
Ranged Weapons | 5 6 7 8 |  8.0
Armour         | 1 2 |  2.1
Fighting       | 3 4 |  4.8
Dodging        | |  1.5
Stealth        | |  1.1

Action                     |  1- 3 |  4- 6 |  7- 9 || total
---------------------------+-------+-------+-------++-------
   Fire: Shortbow          |   135 |   191 |    66 ||   392
    Use: Scroll            |     3 |     3 |     3 ||     9
         Potion            |       |     3 |       ||     3
 Armour: Leather armour    |    17 |       |       ||    17
         Ring mail         |    15 |    79 |    21 ||   115
  Dodge: Dodged            |    43 |    49 |    22 ||   114

Table legend:
 A = Non-vault XP
 B = Vault XP
 C = Vault XP percentage of total XP
 D = Non-vault monster count
 E = Vault monster count
 F = Vault count percentage of total count
                 A         B        C        D         E       F
            +---------+---------+-------+---------+---------+-------
      Total |     894 |     137 |  13.3 |     101 |      15 |  12.9
            +---------+---------+-------+---------+---------+-------
        D:1 |      41 |       3 |   6.8 |      27 |       2 |   6.9
        D:2 |      23 |      15 |  39.5 |       9 |       9 |  50.0
        D:3 |     103 |       4 |   3.7 |      27 |       3 |  10.0
        D:4 |     535 |       0 |   0.0 |      29 |       0 |   0.0
        D:5 |     192 |     115 |  37.5 |       9 |       1 |  10.0
            +---------+---------+-------+---------+---------+-------
